 Dungeon Crawl Stone Soup version 0.17.1-1-g73c8601 (webtiles) character file.

52777 Metrazal the Nimble (level 14, -1/67 HPs)
             Began as a Spriggan Assassin on Jan 2, 2016.
             Slain by a catoblepas (3 damage)
             ... on level 6 of the Lair of Beasts on Jan 7, 2016.
             The game lasted 13:33:50 (44343 turns).

Metrazal the Nimble (Spriggan Assassin)            Turns: 44343, Time: 13:33:50

Health: -1/67      AC:  8    Str:  9    XL:     14   Next: 28%
Magic:  0/20       EV:  4    Int: 13    God:
Gold:   638        SH:  0    Dex: 20    Spells: 6 memorised, 8 levels left

rFire  . . .     SeeInvis +     s - +0 hunting sling
rCold  . . .     Clarity  .     M - +0 robe
rNeg   + + +     SustAt   +     (shield restricted)
rPois  ∞         Gourm    .     (helmet restricted)
rElec  .         Spirit   +     G - +2 cloak {rPois}
rCorr  .         Warding  .     (gloves unavailable)
rMut   .         Stasis   .     (boots unavailable)
MR     ++...                    t - amulet of guardian spirit
Stlth  +++++++...               P - +3 ring of protection
                                a - ring of sustain attributes

@: petrified, very quick, very resistant to hostile enchantments, extremely
stealthy
A: unfitting armour, see invisible, herbivore 3, speed 3, slow metabolism 2
a: no special abilities


You were on level 6 of the Lair of Beasts.
You were not hungry.

You visited 2 branches of the dungeon, and saw 23 of its levels.

You collected 1511 gold pieces.
You spent 873 gold pieces at shops.

Inventory:

Hand Weapons
 b - a +0 blowgun
 s - a +0 hunting sling (weapon)
 E - a +2 dagger of venom
 W - the +4 short sword of the Spectre {pierce, *Confuse rElec Str+4 Stlth+}
   (You found it on level 10 of the Dungeon)

   It inflicts extra damage upon your enemies.
   It affects your strength (+4).
   It insulates you from electricity.
   It may confuse you when you take damage.
   It makes you more stealthy.
Missiles
 p - a sling bullet (quivered)
 C - 39 stones
 J - 2 needles of sleeping
Armour
 G - a +2 cloak of poison resistance (worn)
 M - a +0 robe (worn)
Jewellery
 a - a ring of sustain attributes (left hand)
 m - an uncursed amulet of clarity
 t - an amulet of guardian spirit (around neck)
 I - an uncursed ring of positive energy
 P - a +3 ring of protection (right hand)
 R - an uncursed ring of invisibility
 S - an uncursed ring of fire
 X - an uncursed amulet of resist corrosion
Wands
 e - a wand of disintegration (6)
 B - a wand of draining (3)
 D - a wand of teleportation (2)
 O - a wand of digging (3)
Scrolls
 i - 3 scrolls of enchant weapon
 k - a scroll of blinking
 n - 12 scrolls of remove curse
 q - 2 scrolls of teleportation
 v - 3 scrolls of magic mapping
 z - a scroll of recharging
 H - 4 scrolls of enchant armour
 V - 5 scrolls of identify
 Y - 2 scrolls of silence
Potions
 c - 2 potions of cancellation
 h - a potion of resistance
 j - 5 potions of brilliance
 l - a potion of heal wounds
 o - 2 potions of curing
 u - 5 potions of agility
 F - a potion of berserk rage
 K - 2 potions of might
 N - 2 potions of haste
 Q - a potion of cure mutation
Books
 f - a book of Flames

   Spells                             Type                      Level
   a - Flame Tongue                   Conjuration/Fire             1
   b - Throw Flame                    Conjuration/Fire             2
   c - Conjure Flame                  Conjuration/Fire             3
   d - Inner Flame                    Hexes/Fire                   3
   e - Sticky Flame                   Conjuration/Fire             4
   f - Fireball                       Conjuration/Fire             5
 w - a book of the Tempests

   Spells                             Type                      Level
   a - Static Discharge               Conjuration/Air              3
   b - Lightning Bolt                 Conjuration/Air              5
   c - Fireball                       Conjuration/Fire             5
   d - Tornado                        Air                          9
   e - Shatter                        Earth                        9
 y - a book of Conjurations

   Spells                             Type                      Level
   a - Magic Dart                     Conjuration                  1
   b - Searing Ray                    Conjuration                  2
   c - Dazzling Spray                 Conjuration/Hexes            3
   d - Fulminant Prism                Conjuration/Hexes            4
   e - Iskenderun's Mystic Blast      Conjuration                  4
   f - Iskenderun's Battlesphere      Conjuration/Charms           5
 L - a book of Fire

   Spells                             Type                      Level
   a - Ignite Poison                  Fire/Transmutation/Poison    3
   b - Fireball                       Conjuration/Fire             5
   c - Bolt of Fire                   Conjuration/Fire             6
   d - Delayed Fireball               Conjuration/Fire             7
   e - Ring of Flames                 Charms/Fire                  7
 Z - a book of Summonings

   Spells                             Type                      Level
   a - Recall                         Summoning/Translocation      3
   b - Aura of Abjuration             Summoning                    5
   c - Shadow Creatures               Summoning                    5
   d - Summon Demon                   Summoning                    5
   e - Summon Forest                  Summoning/Translocation      5
   f - Summon Mana Viper              Hexes/Summoning              5
Miscellaneous
 r - a crystal ball of energy
 A - a plain deck of wonders {Wild Magic}
 T - a plain deck of wonders {the Mercenary, drawn: 2}
Comestibles
 d - 15 royal jellies
 g - 14 bread rations
 x - 2 fruits


   Skills:
 + Level 4.5 Fighting
 + Level 7.3 Short Blades
 + Level 14.3(17.1) Slings
 + Level 13.8(15.5) Throwing
 + Level 14.9 Dodging
 + Level 14.7 Stealth
 - Level 3.5 Spellcasting
 + Level 1.8 Conjurations
 + Level 2.6 Evocations


You had 8 spell levels left.
You knew the following spells:

 Your Spells              Type           Power        Failure   Level  Hunger
a - Magic Dart            Conj           #...         12%         1    #......
b - Searing Ray           Conj           #.....       17%         2    ##.....
c - Sting                 Conj/Pois      #...         17%         1    #......
d - Cure Poison           Pois           #.........   38%         2    ##.....
e - Venom Bolt            Conj/Pois      #.........   100%        5    ######.
f - Summon Small Mammal   Summ           #...         24%         1    #......


Dungeon Overview and Level Annotations

Branches:
Dungeon (15/15)            Temple (0/1) D:5            Lair (8/8) D:9
 Shoals (0/4) Lair:5          Orc (0/4) D:11         Vaults (0/5) D:14
  Snake: Lair:3-6    Spider: Lair:3-6     Slime: Lair:6-8    Depths: D:15

Altars:
Elyvilon
Okawaru
Beogh

Shops:
D:4 ?**   D:7 !   D:10 ?*

Annotations:
D:4 DeXoteric's ghost, amateur MfSk


Innate Abilities, Weirdness & Mutations

You are tiny and cannot use many weapons and most armour.
You have supernaturally acute eyesight.
You are a herbivore.
You cover ground extremely quickly.
You need consume almost no food.


Message History

The plant is engulfed in calcifying dust.
The fungus is engulfed in calcifying dust.
The plant is engulfed in calcifying dust.
The catoblepas gores you!!
The fungus is engulfed in calcifying dust.
The plant is engulfed in calcifying dust.
The catoblepas gores you!!
The fungus is engulfed in calcifying dust.
The plant is engulfed in calcifying dust.
The catoblepas gores you!
The plant is engulfed in calcifying dust.
The catoblepas gores you!!
The plant is no longer petrified.
The catoblepas gores you!!
* * * LOW HITPOINT WARNING * * *
The catoblepas gores you!!
* * * LOW HITPOINT WARNING * * *
The catoblepas gores you!!
* * * LOW HITPOINT WARNING * * *
The catoblepas gores you!
You die...

......#.###... ....
.#........#... ..P
####........#.#..##
..##.†............# #
P##......##....#.##.##
.........# #....P#..##
.........# ##......PP##
........## ###.P.............
..#.....####...Y@....P# ..P..
...#..........>†##.#.##.#....
...................####......#
!..................#P........#
.........##..(..#..##.#.....#
.../...###..÷..........#....#
.......####...........#.....#.
......P.#.##.................#
........(..<..................


You could see a catoblepas.

Vanquished Creatures
  Nessos (Lair:5)
  4 vault guards (D:13)
  2 hydras
  2 centaur warriors
  A tengu warrior (D:13)
  Urug (Lair:4)
  4 hill giants
  2 unseen horrors (D:11)
  Pikel (D:7)
  An orc knight (D:11)
  8 ugly things
  A griffon (Lair:2)
  5 cyclopes
  A manticore (D:13)
  8 elephants
  A gargoyle (D:12)
  4 black mambas
  12 spiny frogs
  9 komodo dragons
  A fire drake (Lair:3)
  5 trolls
  A queen bee (D:13)
  4 blink frogs
  A polar bear (Lair:5)
  A snapping turtle (Lair:5)
  3 two-headed ogres
  A trapdoor spider zombie (D:11)
  4 deep elf magi
  Sigmund (D:5)
  2 wraiths
  A hog (shapeshifter) (D:13)
  3 wyverns
  A vampire (D:13)
  3 hungry ghosts (D:13)
  22 yaks
  2 basilisks
  6 wolves
  8 hippogriffs
  11 water moccasins
  Duvessa (D:6)
  An eye of draining (D:11)
  3 ice beasts
  13 porcupines
  9 orc warriors
  6 sky beasts
  A wasp (D:13)
  5 centaurs
  A black bear (D:12)
  2 phantoms
  6 ogres
  12 crocodiles
  A necrophage (D:8)
  4 big kobolds
  3 gnoll sergeants
  A wyvern zombie (D:8)
  18 giant frogs
  42 killer bees
  4 scorpions
  Dowan (D:6)
  A quasit (D:14)
  6 wights
  4 centaur zombies
  5 crimson imps
  5 hounds
  A giant frog skeleton (D:12)
  3 centaur skeletons
  Crazy Yiuf (D:5)
  9 orc priests
  3 jellies
  8 orc wizards
  17 worker ants
  Natasha (thrice) (D:3)
  6 iguanas
  A killer bee zombie (D:11)
  13 sheep
  A hound skeleton (D:8)
  16 gnolls
  16 adders
  A worker ant zombie (D:10)
  54 river rats
  3 shadow imps
  3 oozes
  7 worms
  9 giant geckos
  63 orcs
  10 bats
  5 giant cockroaches
  14 hobgoblins
  6 jackals (D:1)
  13 kobolds
  5 quokkas
  5 ball pythons
  A giant gecko skeleton (D:5)
  7 giant newts
  8 goblins
  A quokka skeleton (D:6)
  27 rats
  8 fungi
  4 plants
656 creatures vanquished.

Vanquished Creatures (others)
  A scorpion (D:7)
  A quokka (D:4)
  6 fungi
  4 plants
12 creatures vanquished.

Grand Total: 668 creatures vanquished

Notes
Turn   | Place    | Note
--------------------------------------------------------------
     0 | D:1      | Metrazal the Spriggan Assassin began the quest for the Orb.
     0 | D:1      | Reached XP level 1. HP: 10/10 MP: 2/2
    21 | D:1      | Reached skill level 6 in Stealth
   208 | D:1      | Reached XP level 2. HP: 14/14 MP: 3/3
   497 | D:1      | Reached XP level 3. HP: 16/18 MP: 4/4
  1082 | D:2      | Reached skill level 7 in Stealth
  1082 | D:2      | Reached XP level 4. HP: 20/23 MP: 5/5
  1433 | D:2      | Reached skill level 1 in Slings
  2299 | D:2      | Reached XP level 5. HP: 26/26 MP: 6/6
  2920 | D:3      | Learned a level 1 spell: Magic Dart
  2925 | D:3      | Learned a level 2 spell: Searing Ray
  3016 | D:3      | Noticed Natasha
  3025 | D:3      | Killed Natasha
  3154 | D:3      | Noticed Natasha
  3167 | D:3      | Killed Natasha
  3586 | D:4      | Found a white marble altar of Elyvilon.
  3586 | D:4      | Found Joyp Git's Magic Scroll Shoppe.
  3874 | D:4      | Found Lyrchaur's Assorted Antiques.
  3914 | D:4      | Found Siwav's General Store.
  3917 | D:4      | Bought a scroll of identify for 26 gold pieces
  3917 | D:4      | Bought 6 poisoned needles for 31 gold pieces
  3991 | D:4      | Noticed DeXoteric's ghost (amateur MfSk)
  4092 | D:4      | Reached XP level 6. HP: 18/30 MP: 7/7
  4280 | D:4      | Bought a scroll of enchant weapon for 90 gold pieces
  4413 | D:4      | Reached skill level 8 in Stealth
  5261 | D:4      | Reached XP level 7. HP: 30/34 MP: 8/8
  6016 | D:5      | Entered Level 5 of the Dungeon
  6331 | D:5      | Noticed Sigmund
  6547 | D:3      | Noticed Natasha
  6739 | D:3      | Killed Natasha
  6959 | D:5      | Reached skill level 5 in Dodging
  7289 | D:5      | Noticed Crazy Yiuf
  7341 | D:5      | Killed Crazy Yiuf
  7341 | D:5      | Reached skill level 5 in Throwing
  7604 | D:4      | Bought a scroll of enchant armour for 90 gold pieces
  7604 | D:4      | Bought a scroll of remove curse for 36 gold pieces
  7666 | D:5      | Found a staircase to the Ecumenical Temple.
  7940 | D:5      | Reached skill level 9 in Stealth
  7973 | D:5      | Killed Sigmund
  7973 | D:5      | Reached XP level 8. HP: 37/39 MP: 9/9
  8243 | D:4      | Bought a scroll of identify for 24 gold pieces
  8418 | D:6      | Found an iron altar of Okawaru.
  8527 | D:6      | You fall through a shaft for 2 floors!
  8585 | D:7      | Found a sand-covered staircase.
  8606 | D:7      | Found Tububeibu's Distillery.
  8731 | D:7      | Bought a potion of heal wounds for 70 gold pieces
  9008 | D:6      | Reached skill level 10 in Stealth
  9567 | D:6      | Noticed Dowan
  9571 | D:6      | Noticed Duvessa
  9584 | D:6      | Killed Dowan
  9584 | D:6      | Reached skill level 5 in Slings
  9712 | D:6      | Killed Duvessa
  9951 | D:6      | Reached XP level 9. HP: 43/43 MP: 10/10
 10234 | D:7      | Noticed Pikel
 10263 | D:7      | Killed Pikel
 10263 | D:7      | Reached skill level 1 in Evocations
 11095 | D:7      | Identified a scroll of acquirement
 11443 | D:7      | Bought a potion of curing for 42 gold pieces
 13152 | D:9      | Reached skill level 10 in Throwing
 13152 | D:9      | Reached skill level 11 in Stealth
 13268 | D:9      | Reached XP level 10. HP: 47/47 MP: 11/11
 13748 | D:9      | Found a staircase to the Lair.
 14653 | D:10     | Entered Level 10 of the Dungeon
 15022 | D:10     | Found Kiluoqarch's Magic Scroll Boutique.
 15172 | D:10     | Bought a scroll of enchant weapon for 90 gold pieces
 15252 | D:10     | Got a scorched short sword
 15253 | D:10     | Identified the +4 short sword of the Spectre {pierce, *Confuse rElec Str+4 Stlth+} (You found it on level 10 of the Dungeon)
 15314 | D:10     | Drew Focus: Dex increased to 20, Str decreased to 8
 15850 | D:10     | Noticed a hill giant
 16429 | D:10     | Reached skill level 1 in Spellcasting
 16622 | D:10     | Found Oshranacsae's Assorted Antiques.
 16632 | D:10     | Bought a bubbling ruby potion for 22 gold pieces
 17121 | D:11     | Noticed a cyan ugly thing
 17146 | D:10     | Killed a cyan ugly thing
 17456 | D:11     | Noticed a purple ugly thing
 17456 | D:11     | Noticed a purple ugly thing
 17457 | D:11     | Noticed a brown ugly thing
 17780 | D:11     | Noticed an unseen horror
 17792 | D:11     | Noticed an unseen horror
 17818 | D:11     | Killed an unseen horror
 18242 | D:11     | Killed an unseen horror
 18242 | D:11     | Reached skill level 10 in Dodging
 18242 | D:11     | Reached skill level 12 in Stealth
 18242 | D:11     | Reached XP level 11. HP: 41/51 MP: 13/15
 18354 | D:11     | Found a roughly hewn altar of Beogh.
 18354 | D:11     | Found a staircase to the Orcish Mines.
 18354 | D:11     | Noticed an orc knight
 18405 | D:11     | Killed an orc knight
 19576 | D:11     | Killed a brown ugly thing
 19756 | D:11     | Killed a brown ugly thing
 19953 | D:11     | Killed a purple ugly thing
 20618 | Lair:1   | Entered Level 1 of the Lair of Beasts
 20630 | Lair:1   | Found an iron altar of Okawaru.
 20642 | Lair:1   | Noticed an eight-headed hydra
 20756 | D:9      | Killed an eight-headed hydra
 20756 | D:9      | Reached skill level 13 in Throwing
 20964 | D:9      | Reached skill level 1 in Conjurations
 21759 | Lair:1   | Learned a level 1 spell: Sting
 21762 | Lair:1   | Learned a level 2 spell: Cure Poison
 21768 | Lair:1   | Learned a level 5 spell: Venom Bolt
 23984 | Lair:3   | Learned a level 1 spell: Summon Small Mammal
 24015 | Lair:3   | Reached XP level 12. HP: 40/56 MP: 9/17
 26501 | Lair:4   | Noticed Urug
 26503 | Lair:4   | Killed Urug
 26503 | Lair:4   | Reached skill level 5 in Short Blades
 28439 | Lair:4   | Reached skill level 10 in Slings
 29420 | Lair:5   | Noticed Nessos
 30097 | D:10     | Bought a scroll of blinking for 90 gold pieces
 31197 | D:12     | Reached XP level 13. HP: 61/61 MP: 15/19
 32443 | D:13     | You fall through a shaft for 2 floors!
 32443 | D:15     | Entered Level 15 of the Dungeon
 35505 | D:14     | Found a gate to the Vaults.
 38664 | D:14     | Reached skill level 14 in Stealth
 41045 | D:10     | Bought a scroll of blinking for 187 gold pieces
 41045 | D:10     | Bought a scroll of teleportation for 75 gold pieces
 41647 | Lair:5   | Found a staircase to the Shoals.
 41654 | Lair:5   | Reached XP level 14. HP: 67/67 MP: 20/20
 42015 | Lair:5   | Killed Nessos
 44144 | Lair:6   | You fall through a shaft for 2 floors!
 44144 | Lair:8   | Entered Level 8 of the Lair of Beasts
 44342 | Lair:6   | HP: 2/67 [catoblepas (7)]
 44343 | Lair:6   | Slain by a catoblepas

Action                   |  1- 3 |  4- 6 |  7- 9 | 10-12 | 13-15 || total
-------------------------+-------+-------+-------+-------+-------++-------
Melee: Dagger            |    83 |    56 |   303 |    20 |    33 ||   495
       Short sword       |       |    28 |    27 |   846 |  1083 ||  1984
 Fire: Blowgun           |    26 |   107 |   390 |   673 |    53 ||  1249
       Hunting sling     |    16 |   171 |    61 |   548 |   598 ||  1394
Throw: Stone             |       |     4 |     1 |     3 |       ||     8
 Cast: Magic Dart        |       |     1 |       |   121 |       ||   122
       Summon Small Mamm |       |       |       |     1 |       ||     1
       Sting             |       |       |       |     5 |       ||     5
       Cure Poison       |       |       |       |       |     1 ||     1
Evoke: Wand              |       |       |     2 |    11 |    13 ||    26
       Deck              |       |       |       |     2 |       ||     2
       Sack of spiders   |       |       |       |       |     2 ||     2
  Use: Scroll            |       |     1 |    10 |    24 |    10 ||    45
       Potion            |       |       |     7 |     5 |     5 ||    17
 Stab: Sleeping          |    14 |    29 |    38 |    55 |    17 ||   153
       Distracted        |       |     4 |     3 |    15 |    11 ||    33
  Eat: Bread ration      |       |     1 |     1 |       |       ||     2
       Fruit             |       |       |       |    15 |    12 ||    27
       Royal jelly       |       |       |       |       |     1 ||     1
